 Dungeon Crawl Stone Soup version 0.23-a0-436-g57debff (webtiles) character file.

67 Inarius the Skirmisher (level 4, -1/40 HPs)
             Began as a Ghoul Fighter on Nov 16, 2018.
             Slain by Natasha (2 damage)
             ... on level 2 of the Dungeon.
             The game lasted 00:02:11 (1447 turns).

Inarius the Skirmisher (Ghoul Fighter)              Turns: 1447, Time: 00:02:12

Health: -1/40      AC:  6    Str: 24    XL:     4   Next: 18%
Magic:  3/3        EV:  7    Int:  4    God:
Gold:   51         SH:  9    Dex:  8    Spells: 3/3 levels left

rFire    . . .     SeeInvis .   a - +0 war axe
rCold    + . .     Gourm    .   c - +0 shield
rNeg     + + +     Faith    .   b - +0 scale mail
rPois    ∞         Spirit   .   (no helmet)
rElec    .         Reflect  .   (no cloak)
rCorr    .         Harm     .   (no gloves)
MR       .....                  (no boots)
Stlth    ..........             (no amulet)
HPRegen  0.00/turn              (no ring)
MPRegen  0.08/turn              (no ring)

@: mighty, rotting, slowed, very slow
A: rotting body, claws 1, carnivore, cold resistance 1, negative energy
resistance 3, inhibited regeneration, torment resistance, unbreathing
a: no special abilities


You were on level 2 of the Dungeon.
You were not hungry.

You visited 1 branch of the dungeon, and saw 2 of its levels.

You collected 51 gold pieces.

Inventory:

Hand Weapons
 a - a +0 war axe (weapon)
 j - a +1 dagger of freezing
Armour
 b - a +0 scale mail (worn)
 c - a +0 shield (worn)
Scrolls
 h - 5 scrolls of identify {unknown}
Potions
 d - a potion of might
 e - a potion of lignification {unknown}
 g - a potion of heal wounds {unknown}
 i - a potion of haste {unknown}
 l - 2 potions of degeneration {unknown}
 m - a potion of resistance {unknown}
Comestibles
 f - 3 rations
 k - a chunk of flesh


   Skills:
 + Level 3.6 Fighting
 * Level 2.9 Axes
 + Level 3.1 Armour
 + Level 3.1 Shields


You had 3 spell levels left.
You didn't know any spells.
Your spell library was empty.

Dungeon Overview and Level Annotations

Branches:
Dungeon (2/15)

Altars:
Dithmenos
Gozag
Qazlal

Annotations:
D:2 Natasha


Innate Abilities, Weirdness & Mutations

Your body is rotting away.
You thrive on raw meat.
You are immune to poison.
You have sharp fingernails.
You are carnivorous and can eat meat at any time.
Your flesh is cold resistant. (rC+)
You are immune to negative energy. (rN+++)
You do not regenerate when monsters are visible.
You are immune to unholy pain and torment.
You can survive without breathing.


Message History

Natasha casts a spell.
You barely miss Natasha. You block Natasha's attack.
You miss Natasha. Natasha casts a spell at you.
You feel yourself slow down.
The crimson imp sputters.
Natasha claws you but does no damage.
You closely miss Natasha. Natasha claws you. Natasha barely misses you.
Your shield and scale mail prevent you from hitting Natasha.
Natasha claws you but does no damage.
The crimson imp blinks!
Natasha claws you!
* * * LOW HITPOINT WARNING * * *
You closely miss Natasha. You block Natasha's attack. Natasha claws you.
* * * LOW HITPOINT WARNING * * *
You barely miss Natasha. Natasha claws you.
* * * LOW HITPOINT WARNING * * *
Natasha stares at you and mumbles some strange words.
You feel as though you will be slow longer.
You closely miss Natasha. You block Natasha's attack. Natasha claws you.
You die...

............##.#....#
.#######....##....#.# ##########
.......'....####..#.# #.........
....####.......#..#.####.######..
....# #..).#.##..#......# #..
.##.####(...#.##..##############.
.##.#.(.......##55...........# #.
.##.#.##########h#########...# #.
..#.#.# #@# #...# #.
....#.##########.# #...###.
.####............# #....... .#
############## #####...#### ##
........'... # #####...#### #...#
#...# #...#


You could see Natasha, a crimson imp and a white imp.

Vanquished Creatures
  Natasha (D:2)
  A dart slug (D:1)
  3 bats
  4 giant cockroaches
  8 goblins
  4 hobgoblins
  6 kobolds
  3 ball pythons (D:1)
  3 frilled lizards
  5 rats (D:1)
38 creatures vanquished.

Notes
Turn   | Place    | Note
-------+----------+-------------------------------------------
     0 | D:1      | Inarius the Ghoul Fighter began the quest for the Orb.
     0 | D:1      | Reached XP level 1. HP: 19/19 MP: 0/0
   122 | D:1      | Reached XP level 2. HP: 23/26 MP: 1/1
   383 | D:1      | Reached XP level 3. HP: 31/31 MP: 2/2
  1267 | D:2      | Found a shadowy altar of Dithmenos.
  1267 | D:2      | Found a stormy altar of Qazlal.
  1268 | D:2      | Found an opulent altar of Gozag.
  1285 | D:2      | Noticed Natasha
  1294 | D:2      | Killed Natasha
  1294 | D:2      | Reached XP level 4. HP: 32/40 MP: 3/3
  1419 | D:2      | Noticed Natasha
  1446 | D:2      | HP: 1/40 [Natasha (2)]
  1447 | D:2      | Slain by Natasha

Vault maps used:
D:1:      scummos_arrival_gate
D:2:      gammafunk_temple_overflow_claw, uniq_natasha

Skill      XL: |  1  2  3 |
---------------+----------+-----
Axes           | 2 |  2.9
Shields        | 3 |  3.1
Armour         | 3 |  3.1
Fighting       | |  3.6

Action                   |  1- 3 |  4- 6 || total
-------------------------+-------+-------++-------
Melee: War axe           |   131 |    25 ||   156
  Use: Potion            |       |     1 ||     1
  Eat: Chunk             |    17 |     3 ||    20
Armor: Scale mail        |    85 |     9 ||    94
Dodge: Dodged            |    50 |     6 ||    56
Block: Shield            |    71 |    11 ||    82

Table legend:
 A = Non-vault XP
 B = Vault XP
 C = Vault XP percentage of total XP
 D = Non-vault monster count
 E = Vault monster count
 F = Vault count percentage of total count
                 A         B        C        D         E       F
            +---------+---------+-------+---------+---------+-------
      Total |      62 |      35 |  36.1 |      37 |       1 |   2.6
            +---------+---------+-------+---------+---------+-------
        D:1 |      50 |       0 |   0.0 |      29 |       0 |   0.0
        D:2 |      12 |      35 |  74.5 |       8 |       1 |  11.1
            +---------+---------+-------+---------+---------+-------
